 Dungeon Crawl Stone Soup version 0.19-a0-665-g79b24d5 (webtiles) character file.

2417 Laan the Destroyer (level 9, -5/68 HPs)
             Began as a Naga Wizard on June 16, 2016.
             Was an Initiate of Vehumet.
             Slain by a wight
             ... wielding a +0 great sword
              (17 damage)
             ... on level 6 of the Dungeon.
             The game lasted 00:22:50 (9759 turns).

Laan the Destroyer (Naga Wizard)                    Turns: 9759, Time: 00:22:51

Health: -5/68      AC:  5    Str:  9    XL:     9   Next: 47%
Magic:  0/13       EV:  9    Int: 22    God:    Vehumet [......]
Gold:   313        SH:  0    Dex: 13    Spells: 3 memorised, 7 levels left

rFire  . . .     SeeInvis +     D - +0 war axe
rCold  . . .     Gourm    .     a - +0 robe
rNeg   . . .     Faith    .     (no shield)
rPois  +         Spirit   .     b - +0 hat
rElec  .         Dismiss  .     (no cloak)
rCorr  .         Reflect  .     k - +0 pair of gloves (curse)
SustAt .         Harm     .     (no barding)
MR     ++...                    (no amulet)
Stlth  ++........               q - +3 ring of dexterity
                                j - ring of protection from magic

@: heavily drained, very slow, very resistant to hostile enchantments,
unstealthy
A: see invisible, deformed body, poison resistance, slowness 2, slow metabolism
1, spit poison 2, AC +3
a: Spit Poison, Renounce Religion


You were on level 6 of the Dungeon.
You worshipped Vehumet.
Vehumet was noncommittal.
You were not hungry.

You visited 2 branches of the dungeon, and saw 7 of its levels.

You collected 313 gold pieces.

Inventory:

Hand Weapons
 D - a +0 war axe (weapon)
 E - a +2 dagger of draining
Armour
 a - a +0 robe (worn)
 b - a +0 hat (worn)
 k - a cursed +0 pair of gloves (worn)
Jewellery
 j - a ring of protection from magic (left hand)
 q - a +3 ring of dexterity (right hand)
 x - an uncursed ring of fire
Scrolls
 e - 4 scrolls of identify {unknown}
 g - 3 scrolls of amnesia {unknown}
 i - 2 scrolls of remove curse {unknown}
 p - a scroll of fog {unknown}
 t - 2 scrolls of recharging {unknown}
 w - a scroll of enchant weapon {unknown}
 y - a scroll of immolation {unknown}
 C - a scroll of blinking {unknown}
 F - a scroll of acquirement {unknown}
Potions
 h - a potion of magic {unknown}
 l - a potion of cancellation {unknown}
 n - a potion of brilliance {unknown}
 r - a potion of mutation {unknown}
 s - a potion of might {unknown}
 u - 4 potions of lignification {unknown}
 z - 2 potions of agility {unknown}
 A - a potion of haste {unknown}
 G - a potion of degeneration {unknown}
Books
 c - a book of Minor Magic

   Spells                             Type                      Level
   a - Magic Dart                     Conjuration                  1
   b - Blink                          Translocation                2
   c - Call Imp                       Summoning                    2
   d - Repel Missiles                 Charms/Air                   2
   e - Slow                           Hexes                        2
   f - Conjure Flame                  Conjuration/Fire             3
   g - Mephitic Cloud                 Conjuration/Poison/Air       3
 m - a book of Ice

   Spells                             Type                      Level
   a - Ice Form                       Ice/Transmutation            4
   b - Metabolic Englaciation         Hexes/Ice                    5
   c - Ozocubu's Refrigeration        Ice                          6
   d - Bolt of Cold                   Conjuration/Ice              6
   e - Freezing Cloud                 Conjuration/Ice/Air          6
   f - Simulacrum                     Ice/Necromancy               6
Comestibles
 d - 6 bread rations
 o - 2 fruits
 v - a royal jelly
 B - a meat ration


   Skills:
 - Level 1.5(0.4) Dodging
 - Level 3.0(1.8) Stealth
 - Level 3.0(1.7) Spellcasting
 + Level 12.2(10.6) Conjurations
   Level 1.0(0.0) Summonings
   Level 1.0(0.0) Translocations


You had 7 spell levels left.
You knew the following spells:

 Your Spells              Type           Power        Failure   Level  Hunger
a - Magic Dart            Conj           ####         1%          1    #......
b - Conjure Flame         Conj/Fire      ####....     6%          3    ###....
c - Mephitic Cloud        Conj/Pois/Air  ###.....     12%         3    ###....


Dungeon Overview and Level Annotations

Branches:
Dungeon (6/15)             Temple (1/1) D:4

Altars:
Ashenzari
Cheibriados
Dithmenos
Elyvilon
Gozag
Hepliaklqana
Kikubaaqudgha
Nemelex Xobeh
Okawaru
Pakellas
Ru
Sif Muna
Trog
Vehumet
Xom
Zin
The Shining One

Shops:
D:6 %!*

Annotations:
D:3 Aksej's ghost, amateur TrMo
D:5 exclusion: statue
D:6 Edmund


Innate Abilities, Weirdness & Mutations

You cannot wear boots.
Your serpentine skin is tough. (AC +3)
You have supernaturally acute eyesight. (SInv)
Armour fits poorly on your strangely shaped body.
Your system is resistant to poisons. (rPois)
You cover ground very slowly.
You have a slow metabolism.
You can spit poison.


Message History

The wight hits you with an enchanted hand axe.
* * * LOW HITPOINT WARNING * * *
Casting: Magic Dart
Confirm with . or Enter, or press ? or * to list all spells.
Aiming: Magic Dart
Press: ? - help, Shift-Dir - straight line, f - wight
Aim: a wight, wielding an enchanted hand axe and wearing a robe (severely damaged)
The magic dart hits the wight.
The wight is almost destroyed.
The wight hits you with an enchanted hand axe.
* * * LOW HITPOINT WARNING * * *
You feel drained.
You closely miss the wight.
The wight is almost destroyed.
The wight barely misses you. The wight hits you but does no damage.
You hit the wight.
You destroy the wight!
Vehumet accepts your kill. The wight hits you with a great sword!
You die...

#..............##
.#######....(.......###
...............##.#@#
.........#.###....#.#
##.....##..# ####...#
.......#...# #.....#### #
.......#.#..###........#
.. #†.#........####.. #.
#@####.......## .
#..#####z###....#.#..###.
#........##....##........
##......###...###....##.##
......................#...
.....##....#.##.#.#.......
.... #.#..#.##...##.#....
... ##z##....#.∩.#>...#.#
.. ...#..............#.#


You could see a wight.

Vanquished Creatures
  The ghost of Azru the Skirmisher, an amateur OgAK of Lugonu (D:4)
  3 ice beasts
  2 phantoms
  2 eyes of draining
  An ogre (D:3)
  4 centaurs
  2 giant frogs (D:6)
  3 killer bees (D:4)
  2 wights (D:6)
  A howler monkey (D:4)
  A crimson imp (D:5)
  A centaur zombie (D:5)
  A giant frog zombie (D:5)
  2 hounds
  2 jellies
  4 orc priests
  2 iguanas (D:4)
  Terence (D:3)
  An orc wizard (D:5)
  2 worker ants
  A hound skeleton (D:5)
  4 gnolls
  12 adders
  A shadow imp (D:5)
  An adder zombie (D:5)
  An adder skeleton (D:4)
  6 worms
  4 dart slugs
  9 giant geckos
  13 orcs
  9 bats
  8 giant cockroaches
  3 goblins
  10 hobgoblins
  A quokka (D:4)
  7 giant newts
  A jackal skeleton (D:6)
  5 kobolds
  A quokka skeleton (D:6)
  5 rats
140 creatures vanquished.

Notes
Turn   | Place    | Note
--------------------------------------------------------------
     0 | D:1      | Laan the Naga Wizard began the quest for the Orb.
     0 | D:1      | Reached XP level 1. HP: 15/15 MP: 4/4
   277 | D:1      | Reached skill level 2 in Conjurations
   277 | D:1      | Reached XP level 2. HP: 22/22 MP: 0/6
   987 | D:1      | Reached XP level 3. HP: 28/28 MP: 2/7
  1132 | D:2      | Reached skill level 3 in Conjurations
  1179 | D:2      | Found an iron altar of Okawaru.
  1186 | D:2      | Found a faded altar of an unknown god.
  1384 | D:2      | Reached XP level 4. HP: 34/36 MP: 2/8
  1547 | D:2      | Reached skill level 4 in Conjurations
  1667 | D:2      | Learned a level 3 spell: Conjure Flame
  1671 | D:2      | Learned a level 3 spell: Mephitic Cloud
  2440 | D:3      | Reached XP level 5. HP: 42/42 MP: 5/9
  2678 | D:3      | Noticed Aksej's ghost (amateur TrMo)
  2949 | D:3      | Noticed Terence
  3054 | D:3      | Killed Terence
  3054 | D:3      | Reached skill level 5 in Conjurations
  3278 | D:3      | Found a sparkling altar of Nemelex Xobeh.
  3747 | D:3      | Noticed an ogre
  3773 | D:3      | Killed an ogre
  3773 | D:3      | Reached skill level 6 in Conjurations
  3773 | D:3      | Reached XP level 6. HP: 49/49 MP: 1/10
  3865 | D:3      | Found a hazy altar of Hepliaklqana.
  4177 | D:4      | Found a staircase to the Ecumenical Temple.
  4186 | Temple   | Entered the Ecumenical Temple
  4461 | D:4      | Noticed Azru's ghost (amateur OgAK)
  4482 | D:4      | Killed Azru's ghost
  4482 | D:4      | Reached skill level 7 in Conjurations
  4482 | D:4      | Reached XP level 7. HP: 35/55 MP: 7/11
  4559 | D:4      | Reached skill level 8 in Conjurations
  5195 | D:4      | Reached XP level 8. HP: 62/62 MP: 1/12
  5531 | D:4      | Reached skill level 9 in Conjurations
  6140 | D:4      | Found a bloodstained altar of Trog.
  6529 | D:5      | Entered Level 5 of the Dungeon
  6615 | D:5      | Reached skill level 10 in Conjurations
  6716 | D:5      | Found a sparkling altar of Nemelex Xobeh.
  7132 | D:5      | Found a white marble altar of Elyvilon.
  8070 | D:5      | Reached skill level 11 in Conjurations
  8070 | D:5      | Reached XP level 9. HP: 34/68 MP: 7/13
  8276 | D:5      | Found a radiant altar of Vehumet.
  8282 | D:5      | Became a worshipper of Vehumet
  8655 | D:6      | Found Pomuon's Food Shop.
  8778 | D:6      | Found Foib's Distillery.
  8785 | D:6      | Noticed Edmund
  9132 | D:6      | Found Xyntyfeve's General Store.
  9200 | D:6      | Found a bloodstained altar of Trog.
  9226 | D:6      | HP: 2/68 [orc priest/divine providence (12)]
  9630 | D:6      | Reached skill level 12 in Conjurations
  9759 | D:6      | Slain by a wight

Vault maps used:
D:1:      tarquinn_simple_flora_water_b, serial_forest,
          infiniplex_forest_corner_1, infiniplex_forest_clump_large,
          infiniplex_forest_fountain, infiniplex_forest_clump_curved,
          infiniplex_forest_straight_2
D:2:      overflow_temple_1_default, ecumenical_altar_1
D:3:      marbit_many_paths, nemelex_lonely_heart_becter, uniq_terence
D:4:      temple_fountains, trog_eyes_of_draining
D:5:      vehumet_statue, lemuel_doored_altar, kennysheep_mini, first_bread,
          dk_vineyard_2
D:6:      serial_shops, shop, shop_statue, nicolae_shop_statue_plus,
          nicolae_shop_statue_plus, nicolae_shop_stone,
          trog_three_pillars_becter, uniq_edmund
Temple:   circular_temple_12

Skill      XL: |  1  2  3  4  5  6  7  8  9 |
---------------+----------------------------+-----
Conjurations   | 2 3 4 6 7 8 11 12 | 12.2
Dodging        | |  1.5
Stealth        | |  3.0
Spellcasting   | |  3.0
Summonings     | |  1.0
Translocations | |  1.0

Action                   |  1- 3 |  4- 6 |  7- 9 || total
-------------------------+-------+-------+-------++-------
Melee: Unarmed           |     6 |       |       ||     6
       Whip              |     1 |    77 |    34 ||   112
       War axe           |       |       |    41 ||    41
       Dagger            |       |       |    23 ||    23
 Cast: Magic Dart        |    61 |   134 |   267 ||   462
       Mephitic Cloud    |       |     8 |    15 ||    23
       Conjure Flame     |       |     2 |     1 ||     3
 Abil: Spit Poison       |       |     1 |       ||     1
  Use: Potion            |       |     1 |     3 ||     4
 Stab: Sleeping          |     1 |       |       ||     1
       Confused          |       |     9 |     2 ||    11
  Eat: Chunk             |       |     5 |     3 ||     8
       Fruit             |       |     3 |    12 ||    15
       Beef jerky        |       |     1 |     1 ||     2
       Pizza             |       |       |     1 ||     1
Armor: Robe              |     3 |    13 |    56 ||    72
Dodge: Dodged            |     8 |    32 |   142 ||   182
